 Dungeon Crawl Stone Soup version 0.30-a0-1157-g2cc9ac7196 (webtiles) character file.

Game seed: 10800276217222961459

20483 Lobster4 the Thaumaturge (level 12, -4/68 HPs)
             Began as a Deep Elf Earth Elementalist on Apr 25, 2023.
             Was a Priest of Vehumet.
             Shot with an arrow by a centaur warrior (6 damage)
             ... in a volcano.
             The game lasted 00:50:42 (12270 turns).

Lobster4 the Thaumaturge (DEEE)                    Turns: 12270, Time: 00:50:43

Health: -4/68      AC: 16    Str:  7    XL:     12   Next: 45%
Magic:  17/28      EV: 13    Int: 38    God:    Vehumet [***...]
Gold:   274        SH:  0    Dex: 17    Spells: 21/32 levels left

rFire   + . .        a - +6 spear of Ryit {freeze, *Noise Int+8 Dex+2 Stlth+}
rCold   + . .        (no shield)
rNeg    + + .        Q - +0 ring mail of Okawaru's Generosity {rPois rN++}
rPois   +            S - +1 helmet
rElec   .            w - scarf {rC+ rF+}
rCorr   .            h - +1 pair of gloves
SInv    .            p - +1 pair of boots
Will    +....        q - amulet of magic regeneration
Stlth   ++++         y - +6 ring of intelligence
HPRegen 0.31/turn    v - +4 ring of protection
MPRegen 0.61/turn

%: no passive effects
@: no status effects
A: no striking features
a: Renounce Religion


You were in a volcano.
You worshipped Vehumet.
Vehumet was most pleased with you.
You visited 4 branches of the dungeon, and saw 15 of its levels.
You also visited: Volcano.

You collected 708 gold pieces.
You spent 434 gold pieces at shops.

Inventory:

Hand Weapons
 a - the +6 spear of Ryit (weapon) {freeze, *Noise Int+8 Dex+2 Stlth+}
   (You bought it in a shop on level 2 of the Dungeon)

   Int:       It affects your intelligence (+8).
   Dex:       It affects your dexterity (+2).
   *Noise:    It may make noises in combat.
   Stlth:     It makes you more stealthy.
 b - a +3 hand crossbow of electrocution
 c - a +1 short sword of venom
 x - a +2 arbalest of flaming
 F - a +3 dagger of freezing
 N - a +0 sling of draining
 O - a +0 dagger of venom
Missiles
 i - 3 curare-tipped darts
 E - a throwing net
 G - 14 poisoned darts (quivered)
Armour
 f - a +2 robe of cold resistance
 h - a +1 pair of gloves (worn)
 p - a +1 pair of boots (worn)
 w - a scarf of resistance (worn)
 I - +0 acid dragon scales
 Q - the +0 ring mail of Okawaru's Generosity (worn) {rPois rN++}
   (You found it on level 8 of the Dungeon)

   rPois:     It protects you from poison.
   rN:        It greatly protects you from negative energy.
 S - a +1 helmet (worn)
Magical Staves
 U - a staff of poison
Jewellery
 e - a ring of see invisible
 j - a ring of ice
 q - an amulet of magic regeneration (around neck)
 v - a +4 ring of protection (right hand)
 y - a +6 ring of intelligence (left hand)
 L - a ring of resist corrosion
 Y - a +4 ring of protection
Wands
 r - a wand of iceblast (8)
 t - a wand of paralysis (10)
 u - a wand of digging (5)
 W - a wand of quicksilver (4)
Scrolls
 s - 2 scrolls of teleportation
 z - 3 scrolls of fog
 A - a scroll of poison {unknown}
 P - a scroll of amnesia
 R - a scroll of brand weapon
 T - 2 scrolls of blinking
 V - 2 scrolls of silence
Potions
 d - 5 potions of lignification
 g - 2 potions of brilliance {unknown}
 k - 5 potions of flight
 l - 4 potions of heal wounds {unknown}
 m - a potion of berserk rage
 n - 2 potions of magic
 o - 4 potions of curing {unknown}
 C - a potion of ambrosia
 D - 4 potions of might
 H - 4 potions of cancellation
 M - a potion of resistance {unknown}


   Skills:
 + Level 5.1 Fighting
 - Level 2.0 Short Blades
 + Level 1.2 Polearms
 + Level 7.7 Ranged Weapons
 - Level 3.0 Throwing
 + Level 5.0 Armour
 + Level 7.8 Dodging
 + Level 8.5 Stealth
 + Level 2.8 Shields
 * Level 10.8 Spellcasting
 + Level 6.3 Conjurations
 - Level 5.0 Necromancy
 - Level 4.0 Transmutations
 * Level 10.3 Earth Magic
 - Level 3.0 Evocations


You had 21 spell levels left.
You knew the following spells:

 Your Spells              Type           Power      Damage    Failure   Level
a - Sandblast             Erth           100%       2d20      1%          1
b - Stone Arrow           Conj/Erth      100%       3d13      1%          3
c - Petrify               Tmut/Erth      66%        N/A       3%          4
d - Necrotise             Necr           100%       1d9       1%          1
p - Passwall              Tmut/Erth      55%        N/A       1%          2

Your spell library contained the following spells:

 Spells                   Type           Power      Damage    Failure   Level
 Flame Wave               Conj/Fire      44%        2d11      4%          4
 Vampiric Draining        Necr           55%        2d9       2%          3
 Leda's Liquefaction      Hex/Erth       28%        N/A       7%          4
 Blink                    Tloc           40%        N/A       9%          2
 Call Canine Familiar     Summ           20%        N/A       17%         3
 Portal Projectile        Hex/Tloc       40%        N/A       17%         3
 Agony                    Necr           55%        N/A       21%         5
 Statue Form              Tmut/Erth      44%        N/A       43%         6
 Manifold Assault         Tloc           20%        N/A       50%         4
 Conjure Ball Lightning   Conj/Air       22%        3x3d6     50%         6
 Metabolic Englaciation   Hex/Ice        10%        N/A       85%         5
 Storm Form               Tmut/Air       17%        N/A       100%        7
 Discord                  Hex            10%        N/A       100%        8
 Disjunction              Tloc           10%        N/A       100%        8


Dungeon Overview and Level Annotations

Branches:
Dungeon (11/15)            Temple (1/1) D:5            Lair (2/5) D:11
    Orc (1/2) D:10        Volcano (1/1)
  Swamp: Lair:2-3    Shoals: Lair:2-3     Snake: Lair:2-3    Spider: Lair:2-3

Altars:
Ashenzari
Cheibriados
Dithmenos
Elyvilon
Fedhas
Gozag
Hepliaklqana
Kikubaaqudgha
Makhleb
Nemelex Xobeh
Okawaru
Qazlal
Ru
Sif Muna
Trog
Uskayaw
Vehumet
Wu Jian
Xom
Yredelemnul
Zin
The Shining One

Shops:
D:2 (   D:3 !   D:11 (

Portals:
Trove: D:10 (give 2 scrolls of acquirement)

Annotations:
D:8 1 exclusion
D:10 Erica
Lair:1 Nergalle
Orc:1 Maurice


Message History

Press: ? - help, Shift-Dir - straight line, f - centaur warrior
Aim: a centaur warrior, wielding a +2 shortbow of flaming (chance to affect: 38%)
Okay, then.
Unknown command.
Casting: Stone Arrow (safe; 1% risk of failure)
Confirm with . or Enter, or press ? or * to list all spells.
Aiming: Petrify (dangerous; 3% risk of failure)
Press: ? - help, Shift-Dir - straight line, f - centaur warrior
Aim: a centaur warrior, wielding a +2 shortbow of flaming (chance to affect: 62%)
The centaur warrior is moving more slowly.
Casting: Petrify (dangerous; 3% risk of failure)
Confirm with . or Enter, or press ? or * to list all spells.
Aiming: Stone Arrow (safe; 1% risk of failure)
Press: ? - help, Shift-Dir - straight line, f - yaktaur
Aim: a yaktaur, wielding a +0 arbalest of flaming (95% to hit)
The stone arrow hits the yaktaur!
The yaktaur is moderately wounded.
The yaktaur unwields a +0 arbalest of flaming.
It stops flaming.
The yaktaur hits you!
Casting: Stone Arrow (safe; 1% risk of failure)
Confirm with . or Enter, or press ? or * to list all spells.
Aiming: Stone Arrow (safe; 1% risk of failure)
Press: ? - help, Shift-Dir - straight line, f/p - yaktaur
Aim: a yaktaur (moderately wounded, 95% to hit)
The stone arrow hits the yaktaur!!
The yaktaur is severely wounded.
The yaktaur hits you.
Casting: Stone Arrow (safe; 1% risk of failure)
Confirm with . or Enter, or press ? or * to list all spells.
Aiming: Stone Arrow (safe; 1% risk of failure)
Press: ? - help, Shift-Dir - straight line, f/p - yaktaur
Aim: a yaktaur (severely wounded, 95% to hit)
The stone arrow hits the yaktaur!
You kill the yaktaur!
Vehumet accepts your kill.
The centaur warrior shoots an arrow.
The arrow hits you! The arrow burns you.
The centaur warrior shoots an arrow.
The arrow hits you!!
* * * LOW HITPOINT WARNING * * *
The arrow burns you.
You die...

##### #...#
###8_8## ...c..
#.c. ###)###
#...@.# #..∩..#
#.....# ##...##
##'## ###### #.#
##....##
##.###......##
#8.8##.......##
##.............##


You could see a centaur warrior (petrifying) and a yaktaur.

Vanquished Creatures
  Fannar (Lair:2)
  A hydra (D:11)
  A boulder beetle (D:11)
  Sonja (Lair:1)
  A skyshark (Lair:2)
  A deep elf pyromancer (D:10)
  A manticore (D:11)
  A cyclops (D:11)
  2 black mambas (Lair:1)
  3 cane toads (Lair:1)
  Maggie (D:6)
  2 yaktaurs (Volcano)
  2 unseen horrors
  A komodo dragon (Lair:1)
  A troll (D:10)
  5 blink frogs (Lair:1)
  2 polar bears
  A shadow (D:9)
  A wraith (D:10)
  26 yaks
  7 fire bats (Volcano)
  2 basilisks (Lair:1)
  Menkaure (D:6)
  Grum (D:9)
  4 vampire mosquitoes (D:11)
  3 steam dragons
  An acid dragon (D:10)
  2 hell hounds (Lair:2)
  8 water moccasins
  2 orc warriors (D:10)
  An ice beast (D:5)
  2 sky beasts (D:7)
  A black bear (D:5)
  An ogre (D:5)
  8 wolves
  8 centaurs
  2 phantoms (D:7)
  Blork the orc (D:4)
  A kobold brigand (D:8)
  5 bullfrogs
  2 scorpions
  6 wights
  11 killer bees
  A howler monkey (D:8)
  5 lava snakes (Volcano)
  A jelly (D:6)
  6 hounds
  Crazy Yiuf (D:2)
  A gnoll bouda (D:8)
  A sleepcap (D:4)
  Jessica (D:2)
  Terence (D:2)
  4 orc wizards
  2 iguanas
  7 gnolls
  7 adders
  2 shadow imps
  2 white imps
  4 worms
  5 dart slugs
  16 orcs
  6 endoplasms
  3 giant cockroaches
  6 goblins
  7 hobgoblins
  2 jackals (D:4)
  4 quokkas
  8 ball pythons
  8 bats
  3 frilled lizards
  17 kobolds
  6 rats
272 creatures vanquished.

Vanquished Creatures (collateral kills)
  A bullfrog (D:7)
  A sleepcap (D:7)
  A white imp (D:7)
  3 orcs (D:7)
6 creatures vanquished.

Vanquished Creatures (others)
  A kobold brigand (D:7)
  A ball python (D:1)
  7 bushes (Lair:1)
  4 fungi
  53 plants
66 creatures vanquished.

Grand Total: 344 creatures vanquished

Notes
Turn   | Place    | Note
-------+----------+-------------------------------------------
     0 | D:1      | Lobster4 the Deep Elf Earth Elementalist began the quest
                  | for the Orb.
     0 | D:1      | Reached XP level 1. HP: 10/10 MP: 6/6
   222 | D:1      | Reached XP level 2. HP: 15/15 MP: 4/8
   451 | D:1      | Found a faded altar of an unknown god.
   495 | D:1      | Learned a level 2 spell: Passwall
   862 | D:2      | Noticed Terence
   933 | D:2      | Reached XP level 3. HP: 20/20 MP: 7/9
   941 | D:2      | Learned a level 3 spell: Stone Arrow
  1078 | D:2      | Noticed Jessica
  1080 | D:2      | Killed Jessica
  1086 | D:2      | Reached XP level 4. HP: 23/24 MP: 7/11
  1326 | D:2      | Found Hurhu's Antique Weapon Emporium.
  1376 | D:2      | Found a runed translucent door.
  1377 | D:2      | Noticed Crazy Yiuf
  1839 | D:3      | Reached skill level 1 in Fighting
  2056 | D:3      | Reached skill level 1 in Armour
  2170 | D:3      | Found Qeuxt's Distillery.
  2200 | D:3      | Bought a potion of degeneration for 14 gold pieces
  2562 | D:4      | Reached skill level 1 in Short Blades
  2562 | D:4      | Reached skill level 1 in Ranged Weapons
  2562 | D:4      | Reached XP level 5. HP: 29/29 MP: 10/12
  2639 | D:4      | Noticed Blork the orc
  2656 | D:4      | Killed Blork the orc
  2790 | D:4      | Reached XP level 6. HP: 34/34 MP: 11/13
  2922 | D:4      | Learned a level 4 spell: Petrify
  3221 | D:5      | Entered Level 5 of the Dungeon
  3255 | D:5      | Reached skill level 1 in Evocations
  3259 | D:5      | Reached skill level 1 in Conjurations
  3352 | D:5      | Reached skill level 1 in Throwing
  3408 | D:5      | Found a glowing golden altar of the Shining One.
  3443 | D:5      | Reached XP level 7. HP: 35/38 MP: 13/15
  3574 | D:5      | Reached skill level 5 in Earth Magic
  3575 | D:5      | Found a staircase to the Ecumenical Temple.
  3590 | Temple   | Entered the Ecumenical Temple
  4322 | D:2      | Killed Crazy Yiuf
  4401 | D:2      | Killed Terence
  4826 | D:6      | Reached XP level 8. HP: 44/44 MP: 7/16
  4878 | D:6      | Noticed Menkaure
  4881 | D:6      | Killed Menkaure
  5356 | D:6      | You fall into a shaft and drop 2 floors!
  5361 | D:8      | Found a bloodstained altar of Trog.
  5361 | D:8      | Found an iron altar of Okawaru.
  5362 | D:8      | Found a hide-covered altar of Uskayaw.
  5363 | D:8      | Found a hazy altar of Hepliaklqana.
  5363 | D:8      | Found a radiant altar of Vehumet.
  5365 | D:8      | Found a stormy altar of Qazlal.
  5366 | D:8      | Found a blossoming altar of Fedhas.
  5371 | D:8      | Became a worshipper of Vehumet
  5435 | D:8      | Reached skill level 5 in Spellcasting
  5459 | D:8      | Found a sacrificial altar of Ru.
  5571 | D:6      | Noticed Maggie
  5823 | D:7      | Reached skill level 5 in Stealth
  5823 | D:7      | Reached XP level 9. HP: 49/49 MP: 17/19
  6117 | D:7      | Reached skill level 5 in Dodging
  6353 | D:6      | Killed Maggie
  6905 | D:2      | Bought a glowing hand crossbow for 188 gold pieces
  6905 | D:2      | Bought a slimy spear for 232 gold pieces
  6905 | D:2      | Identified the +6 spear of Ryit {freeze, *Noise Int+8 Dex+2
                  | Stlth+} (You bought it in a shop on level 2 of the Dungeon)
  6908 | D:2      | Learned a level 1 spell: Necrotise
  7098 | D:8      | Reached * piety under Vehumet
  7098 | D:8      | Offered knowledge of Foxfire by Vehumet.
  7103 | D:8      | Reached skill level 1 in Necromancy
  7166 | D:8      | Reached skill level 5 in Ranged Weapons
  7245 | D:8      | Identified the +0 ring mail of Okawaru's Generosity {rPois
                  | rN++}
  7706 | D:9      | Reached XP level 10. HP: 56/56 MP: 16/22
  7773 | D:9      | Noticed Grum
  8070 | D:9      | Identified the +1 robe of Limitation {Slay+2}
  8217 | D:9      | Killed Grum
  8537 | D:10     | Entered Level 10 of the Dungeon
  8537 | D:10     | Found a staircase to the Orcish Mines.
  8714 | D:10     | Reached ** piety under Vehumet
  8714 | D:10     | Offered knowledge of Shock by Vehumet.
  8903 | D:10     | Noticed a deep elf pyromancer
  8997 | D:10     | Reached skill level 5 in Conjurations
  9000 | D:10     | Reached XP level 11. HP: 37/61 MP: 7/25
  9008 | D:10     | Noticed Erica
  9315 | D:10     | Found a portal to a secret trove of treasure.
  9346 | D:10     | Killed a deep elf pyromancer
  9505 | D:11     | Reached skill level 1 in Shields
  9610 | D:11     | Found Yrch's Antique Weapon Emporium.
  9736 | D:11     | Noticed a four-headed hydra
  9739 | D:11     | Killed a four-headed hydra
 10015 | D:11     | Found a staircase to the Lair.
 10060 | D:11     | Noticed a boulder beetle
 10067 | D:11     | Killed a boulder beetle
 10417 | Orc:1    | Entered Level 1 of the Orcish Mines
 10417 | Orc:1    | Noticed Maurice
 10417 | Orc:1    | Noticed an orc knight
 10572 | Lair:1   | Entered Level 1 of the Lair of Beasts
 10610 | Lair:1   | Reached skill level 1 in Polearms
 10715 | Lair:1   | Noticed Nergalle
 11057 | Lair:1   | Offered knowledge of Inner Flame by Vehumet.
 11060 | Lair:1   | Reached skill level 10 in Spellcasting
 11128 | Lair:1   | Reached skill level 5 in Necromancy
 11249 | Lair:1   | Reached XP level 12. HP: 67/67 MP: 23/28
 11490 | Lair:1   | Noticed Sonja
 11494 | Lair:1   | Killed Sonja
 11795 | Lair:2   | Reached skill level 10 in Earth Magic
 11804 | Lair:2   | Reached *** piety under Vehumet
 11869 | Lair:2   | Noticed Fannar
 11902 | Lair:2   | Killed Fannar
 11921 | Lair:2   | Reached skill level 5 in Fighting
 11921 | Lair:2   | Reached skill level 5 in Armour
 11959 | Lair:2   | Found a dark tunnel.
 11985 | Volcano  | Entered a volcano
 12209 | Volcano  | Offered knowledge of Flame Wave by Vehumet.
 12260 | Volcano  | Found a bloodstained altar of Trog.
 12260 | Volcano  | Noticed a centaur warrior
 12270 | Volcano  | HP: 2/68 [centaur warrior/arrow (25)]
 12270 | Volcano  | Shot with an arrow by a centaur warrior

Illustrated notes

Levels and vault maps discovered:
D:1:      amcnicky_arrival_feature_with_door, layout_loops_cross,
          hellmonk_ecumenical_altar_heavens_door, hex_large, lemuel_flame_loot_1
D:2:      layout_loops_ring, serial_shops, nicolae_shop_just_a_little_nook,
          uniq_terence, uniq_crazy_yiuf_cottage, uniq_jessica
D:3:      layout_rooms, serial_shops, nicolae_shop_tiny_glass, serial_curves,
          eino_curves_04, eino_curves_04, kennysheep_nondescript,
          grunt_ministairs_7, roderic_serpentine_path
D:4:      layout_loops_ring, eino_small_chamber_without_monster,
          uniq_blork_the_orc
D:5:      layout_cave_pools, nicolae_tso_swordbearing_angel,
          minmay_temple_entry_tees
D:6:      layout_loops_ring, uniq_menkaure, uniq_maggie
D:7:      layout_basic, hex_medium, minmay_fractal_squares_5
D:8:      lemuel_ice_spiral_2, layout_basic, grunt_temple_overflow_open,
          mainiacjoe_overflow_alcove_1, st_stairs_3
D:9:      layout_roguey, uniq_grum
D:10:     layout_cave_pools, nicolae_trove_entry_crystal,
          hangedman_decor_slide_cut, uniq_erica
D:11:     layout_irregular_city, lair_entry_dummy, serial_shops,
          nicolae_shop_advertising_works [nicolae_subvault_shop_adworks],
          serial_glass, glass_columns_b, glass_columns_c
Temple:   dshaligram_water_room_temple
Lair:1:   layout_roguey, serial_forest, infiniplex_forest_clump_small,
          infiniplex_forest_clump_tiny, infiniplex_forest_split,
          infiniplex_forest_lined_ring, infiniplex_forest_clump_tiny,
          infiniplex_forest_3_way, infiniplex_forest_clump_medium,
          lemuel_fruit_tree, uniq_nergalle, uniq_sonja
Lair:2:   layout_concentric_octagons, hellmonk_spider_entry_life_and_decay,
          enter_volcano_3, uniq_fannar
Orc:1:    layout_caves, uniq_maurice
Volcano:  volcano_grotto [vgs_original]

Skill      XL: |  1  2  3  4  5  6  7  8  9 10 11 12 |
---------------+-------------------------------------+-----
Stealth        | 3 4 5 6 7 8 |  8.5
Earth Magic    | 4 5 6 7 8 9 10 | 10.3
Fighting       | 1 2 3 4 5 |  5.1
Dodging        | 3 4 5 6 7 |  7.8
Armour         | 1 2 3 4 5 |  5.0
Short Blades   | 1 2 |  2.0
Ranged Weapons | 1 2 3 5 7 |  7.7
Transmutations | 2 3 4 |  4.0
Spellcasting   | 4 5 6 8 10 | 10.8
Evocations     | 1 2 3 |  3.0
Conjurations   | 1 3 4 5 6 |  6.3
Throwing       | 1 2 3 |  3.0
Necromancy     | 1 3 5 |  5.0
Shields        | 2 |  2.8
Polearms       | 1 |  1.2

Action                     |  1- 3 |  4- 6 |  7- 9 | 10-12 || total
---------------------------+-------+-------+-------+-------++-------
  Melee: Spear             |       |       |       |     3 ||     3
   Fire: Sling             |       |       |       |    25 ||    25
  Throw: Dart              |       |     4 |    18 |    22 ||    44
         Throwing net      |       |       |     1 |       ||     1
         Stone             |       |       |       |     6 ||     6
   Cast: Sandblast         |    43 |   104 |    67 |    20 ||   234
         Stone Arrow       |       |       |    68 |   233 ||   301
         Petrify           |       |       |       |     3 ||     3
         Necrotise         |       |       |       |     5 ||     5
    Use: Scroll            |       |       |    16 |     9 ||    25
         Potion            |       |       |     3 |       ||     3
 Armour: Robe              |       |    16 |     6 |     2 ||    24
         Skin              |       |       |    24 |       ||    24
         Ring mail         |       |       |       |    70 ||    70
  Dodge: Dodged            |     6 |    44 |    28 |    97 ||   175

Table legend: (Time is in decaauts)
 A = Elapsed time spent in this place.
 B = Non-inter-level travel time spent in this place.
 C = Inter-level travel time spent in this place.
 D = Time resting spent in this place.
 E = Time spent auto-exploring this place.
 F = Levels seen in this place.
 G = Mean time per level.
                   A        B        C        D        E       F      G
               +--------+--------+--------+--------+--------+-----+--------+
         Total |  12386 |  11040 |   1346 |   1454 |   6642 |  16 |  774.1 |
       Dungeon |  10549 |   9267 |   1282 |   1337 |   5618 |  11 |  959.0 |
        Temple |    132 |    110 |     22 |      0 |    100 |   1 |  132.0 |
          Lair |   1414 |   1373 |     41 |     59 |    838 |   2 |  707.0 |
  Orcish Mines |      4 |      4 |      0 |      0 |      0 |   1 |    4.0 |
       Volcano |    284 |    284 |      0 |     58 |     86 |   1 |  284.0 |
               +--------+--------+--------+--------+--------+-----+--------+

Top non-repeatable levels by time:
  Lair:1: 1101 daAuts
     D:1: 1088 daAuts
     D:2: 1081 daAuts
     D:8: 1080 daAuts
     D:6: 1044 daAuts
    D:10: 1021 daAuts
     D:3: 1011 daAuts
    D:11: 974 daAuts
     D:9: 876 daAuts
     D:4: 841 daAuts
     D:7: 813 daAuts
     D:5: 718 daAuts
  Lair:2: 312 daAuts
 Volcano: 284 daAuts
  Temple: 132 daAuts
